 Dungeon Crawl Stone Soup version 0.26.1-11-gd32895ea62 (webtiles) character file.

Game seed: 7594196274471573432

1778 Eitelfritz the Carver (level 8, -7/63 HPs)
             Began as a Minotaur Gladiator on May 7, 2021.
             Was a Follower of Hepliaklqana.
             Mangled by an orc warrior
             ... wielding a +0 halberd of venom
              (12 damage)
             ... on level 7 of the Dungeon.
             The game lasted 00:14:54 (7275 turns).

Eitelfritz the Carver (Minotaur Gladiator)          Turns: 7275, Time: 00:14:54

Health: -7/63      AC:  9    Str: 20    XL:     8   Next: 81%
Magic:  16/16      EV: 14    Int:  7    God:    Hepliaklqana [*.....]
Gold:   222        SH:  0    Dex: 11    Spells: 7/7 levels left

rFire    . . .     SeeInvis .   a - +1 long sword
rCold    . . .     Faith    .   (no shield)
rNeg     . . .     Spirit   .   b - +0 troll leather armour
rPois    .         Reflect  .   c - +0 hat
rElec    .         Harm     .   p - +0 cloak
rCorr    .         Rampage  .   (no gloves)
Will     .....                  l - +2 pair of boots
Stlth    +.........             g - amulet of magic regeneration
HPRegen  0.60/turn              q - ring of magical power
MPRegen  0.40/turn              (no ring)

@: lethally poisoned (-7 -> -8)
A: retaliatory headbutt, reduced essence, horns 2
a: Renounce Religion, Recall Ancestor, Ancestor Identity


You were on level 7 of the Dungeon.
You worshipped Hepliaklqana.
Hepliaklqana was aware of your devotion.
You visited 2 branches of the dungeon, and saw 8 of its levels.
You also visited: Ossuary.

You collected 222 gold pieces.

Inventory:

Hand Weapons
 a - a +1 long sword (weapon)
 r - a +0 morningstar
Missiles
 d - 3 throwing nets
 s - 5 boomerangs
 t - 5 silver boomerangs (quivered)
Armour
 b - a +0 troll leather armour (worn)
 c - a +0 hat (worn)
 l - a +2 pair of boots (worn)
 p - a +0 cloak (worn)
 v - a +1 ring mail of fire resistance
Jewellery
 e - a +4 ring of slaying
 g - an amulet of magic regeneration (around neck)
 q - a ring of magical power (left hand)
Wands
 i - a wand of acid (10)
Scrolls
 f - 3 scrolls of remove curse
 o - 2 scrolls of amnesia
 y - 2 scrolls of fear
 z - 4 scrolls of teleportation
 A - a scroll of vulnerability {unknown}
 E - 2 scrolls of identify
Potions
 h - 3 potions of mutation
 j - 6 potions of haste
 k - 4 potions of lignification
 m - a potion of ambrosia
 n - a potion of curing
 u - a potion of brilliance
 w - 3 potions of berserk rage
 x - a potion of invisibility
 B - a potion of flight {unknown}
 C - a potion of magic {unknown}
 D - a potion of cancellation {unknown}


   Skills:
 + Level 6.0 Fighting
 + Level 9.9 Long Blades
 + Level 2.5 Throwing
 + Level 4.9 Armour
 + Level 6.0 Dodging
 + Level 1.7 Stealth


You had 7 spell levels left.
You didn't know any spells.
Your spell library contained the following spells:

 Spells                   Type           Power        Failure   Level
 Corpse Rot               Necr/Air       N/A          63%         2
 Stone Arrow              Conj/Erth      0%           85%         3
 Summon Forest            Summ/Tloc      0%           100%        5
 Eringya's Noxious Bog    Tmut/Pois      0%           100%        6
 Hydra Form               Tmut           0%           100%        6
 Summon Hydra             Summ           0%           100%        7


Dungeon Overview and Level Annotations

Branches:
Dungeon (7/15)             Temple (1/1) D:5         Ossuary (visited)

Altars:
Ashenzari
Cheibriados
Dithmenos
Elyvilon
Fedhas
Gozag
Hepliaklqana
Kikubaaqudgha
Makhleb
Nemelex Xobeh
Okawaru
Qazlal
Sif Muna
Trog
Uskayaw
Wu Jian
Xom
Yredelemnul
Zin
The Shining One


Innate Abilities, Weirdness & Mutations

You reflexively headbutt those who attack you in melee.
You have a pair of horns on your head.
Your life essence is reduced to manifest your ancestor. (-10% HP)


Message History

You headbutt the orc priest!
You kill the orc priest!
Tlalli hits the bullfrog zombie!
The orc warrior hits you with a +0 halberd of venom!
* * * LOW HITPOINT WARNING * * *
You are poisoned.
You closely miss the orc warrior.
You headbutt the orc warrior, but do no damage.
The orc warrior is lightly wounded.
You hear the faint creaking of a distant portcullis.
You feel sick. The bullfrog zombie hits you.
* * * LOW HITPOINT WARNING * * *
Tlalli misses the bullfrog zombie.
The bullfrog zombie barely misses you. You furiously retaliate!
You headbutt the bullfrog zombie, but do no damage.
You hit the orc warrior. Your headbutt misses the orc warrior.
The orc warrior is lightly wounded.
You feel sick.
The orc warrior hits you with a +0 halberd of venom!
You die...

###.##......... .#
###...........# ##..
..=.##..... #.####....
###.###..# #........ ##
........<####...#..# ..#
.......#.##.......##.#.#
............#.).........
...#.#.....##..Ro.......
...#.....#..#..Z@)......
...#.....##..........#..
..(........##.#####.....
.....####...#... ..##
....## #........ .#
....# .....##. # ....
...


You could see the friendly Tlalli the ancestor, an orc warrior and a bullfrog
zombie.

Vanquished Creatures
  Sigmund (D:2)
  An orc warrior (D:6)
  A phantom (D:5)
  2 sky beasts
  An ogre (D:4)
  2 elf zombies (Ossuary)
  A bullfrog (D:5)
  A scorpion (D:5)
  A water moccasin skeleton (D:6)
  The ghost of lasso the Caller, a weakling MfSu (D:3)
  A howler monkey (D:5)
  A bullfrog skeleton (D:5)
  4 orc priests
  Crazy Yiuf (D:2)
  Terence (D:3)
  A centaur skeleton (D:7)
  2 orc wizards (D:5)
  6 worker ants
  A killer bee zombie (D:5)
  A hound zombie (Ossuary)
  A howler monkey zombie (D:5)
  5 mummies
  4 gnolls (D:5)
  A howler monkey skeleton (D:5)
  9 adders
  A shadow imp (D:5)
  An ufetubus (D:5)
  2 oozes
  An adder zombie (Ossuary)
  An adder skeleton (D:5)
  A worm (D:3)
  2 dart slugs
  2 leopard geckos
  18 orcs
  6 bats
  2 giant cockroaches
  5 goblins
  4 hobgoblins
  6 jackals
  3 kobolds
  2 quokkas
  3 ball pythons
  6 frilled lizards
  A giant cockroach zombie (D:6)
  2 goblin zombies
  3 hobgoblin zombies
  2 kobold zombies (Ossuary)
  2 orc zombies (Ossuary)
  5 rats
  A rat zombie (Ossuary)
133 creatures vanquished.

Vanquished Creatures (collateral kills)
  A hound (D:6)
  An orc (D:7)
2 creatures vanquished.

Vanquished Creatures (others)
  A fungus (D:4)
1 creature vanquished.

Grand Total: 136 creatures vanquished

Notes
Turn   | Place    | Note
-------+----------+-------------------------------------------
     0 | D:1      | Eitelfritz the Minotaur Gladiator began the quest for the
                  | Orb.
     0 | D:1      | Reached XP level 1. HP: 18/18 MP: 0/0
   288 | D:1      | Reached skill level 4 in Long Blades
   288 | D:1      | Reached XP level 2. HP: 25/25 MP: 1/1
   698 | D:2      | Noticed Sigmund
  1073 | D:2      | Reached XP level 3. HP: 18/30 MP: 2/2
  1708 | D:2      | Found a runed translucent door.
  1709 | D:2      | Noticed Crazy Yiuf
  2152 | D:2      | Killed Sigmund
  2153 | D:2      | Reached skill level 5 in Long Blades
  2153 | D:2      | Reached XP level 4. HP: 22/38 MP: 3/3
  2153 | D:2      | Reached XP level 5. HP: 26/45 MP: 4/4
  2539 | D:2      | Killed Crazy Yiuf
  2901 | D:3      | Reached XP level 6. HP: 52/52 MP: 5/5
  3047 | D:3      | Noticed Terence
  3055 | D:3      | Killed Terence
  3452 | D:3      | Found a runed translucent door.
  3453 | D:3      | Noticed lasso's ghost (weakling MfSu)
  3578 | D:3      | Reached skill level 6 in Long Blades
  3771 | D:3      | Killed lasso's ghost
  4014 | D:4      | Found a white marble altar of Elyvilon.
  4210 | D:4      | Reached XP level 7. HP: 27/59 MP: 6/6
  4728 | D:5      | Entered Level 5 of the Dungeon
  4763 | D:5      | Reached skill level 5 in Dodging
  4776 | D:5      | Reached skill level 7 in Long Blades
  4802 | D:5      | Found a staircase to the Ecumenical Temple.
  4992 | D:5      | Reached skill level 1 in Stealth
  5150 | D:5      | Found a sand-covered staircase.
  5155 | Ossuary  | Entered an ossuary
  5164 | Ossuary  | Reached skill level 8 in Long Blades
  5185 | Ossuary  | Reached XP level 8. HP: 28/67 MP: 7/7
  5500 | D:5      | Reached skill level 5 in Fighting
  5628 | D:5      | Reached skill level 9 in Long Blades
  5874 | Temple   | Entered the Ecumenical Temple
  6079 | Temple   | Became a worshipper of Hepliaklqana the Forgotten
  6321 | D:6      | Found a broken altar of Ashenzari.
  6877 | D:6      | Found a burning altar of Makhleb.
  6972 | D:6      | Reached * piety under Hepliaklqana
  7275 | D:7      | Mangled by an orc warrior

Illustrated notes

Levels and vault maps discovered:
D:1:      lemuel_arrival_behind_the_door_small, layout_loops_ring, minivault_23
D:2:      layout_loops_corners, hangedman_decor_slide_cut, uniq_sigmund,
          uniq_crazy_yiuf_cottage
D:3:      layout_loops_cross, ebering_ghost_reflecting_pool, uniq_terence
D:4:      layout_basic, elyvilon_altar_1, grunt_decor_fettered
D:5:      layout_loops_ring, minmay_temple_entry_grid,
          nicolae_ossuary_entry_giza
D:6:      layout_basic, nicolae_ashenzari_panopticon, serial_glass,
          glass_columns_b, glass_columns_b, minmay_strange_pillars, basic_altar
D:7:      layout_rooms, vehumet_altar_wand_db, enter_bailey_2
Temple:   hc_temple_tempest_star

Skill      XL: |  1  2  3  4  5  6  7  8 |
---------------+-------------------------+-----
Long Blades    | 4 5 6 8 9 |  9.9
Fighting       | 3 4 6 |  6.0
Armour         | 2 4 |  4.9
Dodging        | 4 5 6 |  6.0
Stealth        | 1 |  1.7
Throwing       | |  2.5

Action                   |  1- 3 |  4- 6 |  7- 9 || total
-------------------------+-------+-------+-------++-------
Melee: Long sword        |    62 |    82 |   194 ||   338
       Headbutt          |    10 |    17 |    42 ||    69
Throw: Boomerang         |       |     3 |     5 ||     8
  Use: Scroll            |       |     9 |     7 ||    16
       Potion            |       |       |     1 ||     1
 Stab: Sleeping          |       |     1 |       ||     1
       Distracted        |       |       |     1 ||     1
Armor: Leather armour    |     2 |       |       ||     2
       Ring mail         |    31 |     9 |       ||    40
       Scale mail        |       |    15 |       ||    15
       Troll leather arm |       |     5 |    60 ||    65
Dodge: Dodged            |    47 |    46 |   156 ||   249
       Rpst.: Long sword |    13 |    15 |    46 ||    74
